 Dungeon Crawl Stone Soup version 0.26.1-11-gd32895ea62 (webtiles) character file.

Game seed: 18316190686942008934

193 nothank2 the Cudgeller (level 5, -1/32 HPs)
             Began as a Gargoyle Fighter on July 11, 2021.
             Slain by Edmund
             ... wielding a +0 vorpal flail
              (2 damage)
             ... on level 4 of the Dungeon.
             The game lasted 00:04:53 (2698 turns).

nothank2 the Cudgeller (Gargoyle Fighter)           Turns: 2698, Time: 00:04:53

Health: -1/32      AC: 12    Str: 20    XL:     5   Next: 72%
Magic:  5/5        EV:  7    Int:  9    God:
Gold:   143        SH:  9    Dex:  9    Spells: 4/4 levels left

rFire    + . .     SeeInvis .   a - +0 flail
rCold    . . .     Faith    .   c - +0 kite shield
rNeg     + . .     Spirit   .   b - +0 scale mail
rPois    ∞         Reflect  .   (no helmet)
rElec    +         Harm     .   (no cloak)
rCorr    .         Rampage  .   (no gloves)
Will     +....                  q - +0 pair of boots
Stlth    ..........             (no amulet)
HPRegen  0.10/turn              j - ring of protection from fire
MPRegen  0.09/turn              o - ring of willpower

@: no status effects
A: negative energy resistance 1, electricity resistance, unbreathing,
petrification resistance, miasma immunity, AC +4
a: no special abilities


You were on level 4 of the Dungeon.
You visited 1 branch of the dungeon, and saw 4 of its levels.

You collected 143 gold pieces.

Inventory:

Hand Weapons
 a - a +0 flail (weapon)
 g - a +1 whip of electrocution
Armour
 b - a +0 scale mail (worn)
 c - a +0 kite shield (worn)
 q - a +0 pair of boots (worn)
Jewellery
 j - a ring of protection from fire (left hand)
 o - a ring of willpower (right hand)
Scrolls
 i - a scroll of blinking {unknown}
 k - 3 scrolls of teleportation {unknown}
 l - a scroll of noise {unknown}
 m - 4 scrolls of identify {unknown}
 n - 2 scrolls of remove curse {unknown}
 p - a scroll of amnesia {unknown}
Potions
 d - 2 potions of might
 e - a potion of curing {unknown}
 f - a potion of degeneration {unknown}
 h - 2 potions of attraction {unknown}


   Skills:
 - Level 3.2 Fighting
 + Level 5.8 Maces & Flails
 - Level 3.2 Armour
 - Level 3.2 Shields


You had 4 spell levels left.
You didn't know any spells.
Your spell library was empty.

Dungeon Overview and Level Annotations

Branches:
Dungeon (4/15)
 Temple: D:4-7

Altars:
Ashenzari
Gozag
Hepliaklqana
The Shining One

Annotations:
D:4 Edmund


Innate Abilities, Weirdness & Mutations

You are resistant to torment.
Your stone body is resilient. (AC +4)
You are immune to poison.
You resist negative energy. (rN+)
You are resistant to electric shocks. (rElec)
You can survive without breathing.
You are immune to petrification.
You are immune to miasma.


Message History

You block Edmund's attack.
You hit Edmund.
Edmund is moderately wounded.
Edmund hits you but does no damage.
You closely miss Edmund.
Edmund is moderately wounded.
Edmund hits you with a +0 vorpal flail.
You sock Edmund!
Edmund is heavily wounded.
Edmund hits you with a +0 vorpal flail!
* * * LOW HITPOINT WARNING * * *
You are too injured to fight recklessly!
You are too injured to fight recklessly!
You are too injured to fight recklessly!
You are too injured to fight recklessly!
You hit Edmund.
Edmund is heavily wounded.
Edmund hits you with a +0 vorpal flail!
* * * LOW HITPOINT WARNING * * *
You die...

# #.#
#.#####.#...#
# #.#
#.#...#.#...#
# #.# #.#
#.#.#...# #
#.#
#.#.#......##
# #.#
#.#.#.#.....#
# #.#
#.#...#..#..#
#.#
#.###.#.....#
#.# #@#
#.#.....#
####.# #@#
#.#....|#
.....#
#.###.#....##
######
#.....#.....
#######


You could see Edmund (strong).

Vanquished Creatures
  3 worker ants
  3 adders
  2 white imps
  An ooze (D:2)
  2 worms
  3 dart slugs
  4 leopard geckos
  An orc (D:3)
  3 ball pythons
  10 bats
  4 giant cockroaches
  5 hobgoblins
  2 jackals (D:4)
  2 frilled lizards
  9 goblins
  9 kobolds
  6 rats
69 creatures vanquished.

Notes
Turn   | Place    | Note
-------+----------+-------------------------------------------
     0 | D:1      | nothank2 the Gargoyle Fighter began the quest for the Orb.
     0 | D:1      | Reached XP level 1. HP: 14/14 MP: 1/1
   153 | D:1      | Reached XP level 2. HP: 19/19 MP: 2/2
   191 | D:1      | Reached skill level 3 in Maces & Flails
   392 | D:1      | Reached XP level 3. HP: 23/23 MP: 3/3
   724 | D:2      | Found a broken altar of Ashenzari.
   813 | D:2      | Reached skill level 4 in Maces & Flails
   885 | D:2      | Reached XP level 4. HP: 28/28 MP: 4/4
   921 | D:2      | Found a hazy altar of Hepliaklqana.
  1266 | D:3      | Found a glowing golden altar of the Shining One.
  1266 | D:3      | Found an opulent altar of Gozag.
  1786 | D:3      | Reached skill level 5 in Maces & Flails
  1786 | D:3      | Reached XP level 5. HP: 19/32 MP: 5/5
  2684 | D:4      | Noticed Edmund
  2698 | D:4      | HP: 1/32 [Edmund/+0 vorpal flail (7)]
  2698 | D:4      | Slain by Edmund

Illustrated notes

Levels and vault maps discovered:
D:1:      erik_arrival_blinker_ship, layout_loops_ring, minmay_liquid_box
D:2:      layout_rooms, nzn_hepliaklqana_mist_gate, overflow_temple_1_default
D:3:      layout_basic, gammafunk_temple_overflow_pools, hex_large
D:4:      layout_basic, uniq_edmund

Skill      XL: |  1  2  3  4 |
---------------+-------------+-----
Maces & Flails | 3 4 5 |  5.8
Fighting       | |  3.2
Armour         | |  3.2
Shields        | |  3.2

Action                   |  1- 3 |  4- 6 || total
-------------------------+-------+-------++-------
Melee: Flail             |   108 |   168 ||   276
Armor: Scale mail        |    60 |    95 ||   155
Dodge: Dodged            |    39 |    60 ||    99
Block: Kite shield       |    69 |    91 ||   160
